3A
YORK REVOLUTION @ ALAMEDA AIRMEN
08/08/2030
 
TOP OF THE 1ST
York Revolution batting - Pitching for Alameda Airmen : RHP Otto Joseph
Pitching: RHP Otto Joseph
Batting: RHB Eikki Kankaanperä 0-0: Called Strike
0-1: Ball
1-1: Reached on error, E6 (Groundball, 6)
Batting: LHB Jack MacOmish 0-0: Ball
1-0: Fly out, F7 (Flyball, 7S)
Batting: RHB Cisco Feijoo 0-0: Swinging Strike
0-1: Ball
1-1: Called Strike
Pickoff Throw by Catcher to First - Out!
1-2: Ball
2-2: Strikes out swinging, 2-3 out at first.
Top of the 1st over - 0 runs, 0 hits, 1 error, 0 left on base; York 0 - Alameda 0
BOTTOM OF THE 1ST
Alameda Airmen batting - Pitching for York Revolution : RHP Rafael Bernal
Pitching: RHP Rafael Bernal
Batting: LHB Rodrigo Rodríguez 0-0: Called Strike
0-1: Foul Ball, location: 2F
0-2: Foul Ball, location: 2F
0-2: Ball
1-2: Ball
2-2: Foul Ball, location: 2F
2-2: Ball
3-2: Foul Ball, location: 2F
3-2: SINGLE (Groundball, 4MD)
Batting: RHB Mick Spargo 0-0: Ball
1-0: DOUBLE (Flyball, 8LXD)
Rodrigo Rodríguez to third
Batting: LHB Ed Berry 0-0: Called Strike
0-1: Ball
1-1: Foul Ball, location: 2F
1-2: Ball
2-2: Ball
3-2: 3-RUN HOME RUN (Flyball, 9D), Distance : 347 ft
Batting: RHB Gérard Chesnutt 0-0: Foul Ball, location: 2F
0-1: Ball
1-1: Hit by Pitch
Batting: RHB Joaquín Lara 0-0: Ball
1-0: Ball
2-0: Ball
3-0: Base on Balls
Gérard Chesnutt to second
Batting: RHB Cristián Coronado 0-0: Ball
1-0: Ball
2-0: Fielders Choice at 2nd, 6-4 (Groundball, 6)
Gérard Chesnutt to third
Batting: LHB Jesús De Jesús 0-0: Ball
1-0: Fly out, F8 (Flyball, 8LM)
Runner from 3rd tags up, SCORES, throw made
Batting: RHB Domingo Torres 0-0: Ball
Cristián Coronado steals 2nd base
1-0: Called Strike
1-1: Fly out, F8 (Flyball, 8LS)
Bottom of the 1st over - 4 runs, 3 hits, 0 errors, 1 left on base; York 0 - Alameda 4
TOP OF THE 2ND
York Revolution batting - Pitching for Alameda Airmen : RHP Otto Joseph
Batting: LHB Gong Mao 0-0: Ball
1-0: Ground out 4-3 (Groundball, 4)
Batting: RHB Guy Toussaint 0-0: Ball
1-0: Foul Ball, location: 2F
1-1: Fly out, F6 (Line Drive, 6)
Batting: RHB John Clark 0-0: Ball
1-0: Foul Ball, location: 2F
1-1: Foul Ball, location: 2F
1-2: Ground out 6-3 (Groundball, 6)
Top of the 2nd over - 0 runs, 0 hits, 0 errors, 0 left on base; York 0 - Alameda 4
BOTTOM OF THE 2ND
Alameda Airmen batting - Pitching for York Revolution : RHP Rafael Bernal
Batting: RHB Nicholas Seal 0-0: DOUBLE (Line Drive, 8LD)
Batting: LHB Rodrigo Rodríguez 0-0: Called Strike
0-1: Foul Ball, location: 2F
0-2: Ball
1-2: Ball
2-2: Ball
3-2: SINGLE (Groundball, 56D)
Nicholas Seal to third
Runner from 3rd tries for Home, throw and OUT!
Batting: RHB Mick Spargo Balk!
Rodrigo Rodríguez to second
0-0: Called Strike
0-1: Ball
1-1: Ball
2-1: Ball
3-1: Called Strike
3-2: Ground out 6-3 (Groundball, 6)
Batting: LHB Ed Berry 0-0: Ball
1-0: Called Strike
1-1: Ball
2-1: Fly out, F8 (Flyball, 8LD)
Bottom of the 2nd over - 0 runs, 2 hits, 0 errors, 1 left on base; York 0 - Alameda 4
TOP OF THE 3RD
York Revolution batting - Pitching for Alameda Airmen : RHP Otto Joseph
Batting: RHB Carlo Manlulu 0-0: Ball
1-0: Foul Ball, location: 2F
1-1: Ground out 6-3 (Groundball, 6)
Batting: RHB Lawrence Stokes 0-0: Called Strike
0-1: Fly out, F7 (Flyball, 7LMF)
Batting: RHB Tome Uso 0-0: Called Strike
0-1: Swinging Strike
0-2: Ball
1-2: Foul Ball, location: 2F
1-2: Ball
2-2: Foul Ball, location: 2F
2-2: Foul Ball, location: 2F
2-2: SOLO HOME RUN (Flyball, 7D), Distance : 387 ft
Batting: RHB Eikki Kankaanperä 0-0: Ball
1-0: Called Strike
1-1: Ball
2-1: Fly out, F6 (Popup, 6)
Top of the 3rd over - 1 run, 1 hit, 0 errors, 0 left on base; York 1 - Alameda 4
BOTTOM OF THE 3RD
Alameda Airmen batting - Pitching for York Revolution : RHP Rafael Bernal
Batting: RHB Gérard Chesnutt 0-0: Ball
1-0: Ground out 4-3 (Groundball, 4D)
Batting: RHB Joaquín Lara 0-0: Ball
1-0: Ground out 6-3 (Groundball, 56)
Batting: RHB Cristián Coronado 0-0: Fly out, F8 (Flyball, 8RM)
Bottom of the 3rd over - 0 runs, 0 hits, 0 errors, 0 left on base; York 1 - Alameda 4
TOP OF THE 4TH
York Revolution batting - Pitching for Alameda Airmen : RHP Otto Joseph
Batting: LHB Jack MacOmish 0-0: Ball
1-0: Ground out 5-3 (Groundball, 2L)
Batting: RHB Cisco Feijoo 0-0: Ball
1-0: Ball
2-0: Ball
3-0: Base on Balls
Batting: LHB Gong Mao 0-0: Ball
1-0: Fly out, F8 (Flyball, 8RD)
Batting: RHB Guy Toussaint 0-0: Ball
1-0: Ball
2-0: Ball
Cisco Feijoo is caught stealing 2nd base
Top of the 4th over - 0 runs, 0 hits, 0 errors, 0 left on base; York 1 - Alameda 4
BOTTOM OF THE 4TH
Alameda Airmen batting - Pitching for York Revolution : RHP Rafael Bernal
Batting: LHB Jesús De Jesús 0-0: Ground out U3 (Groundball, 3)
Batting: RHB Domingo Torres 0-0: Ball
1-0: Called Strike
1-1: Called Strike
1-2: Ground out 4-3 (Groundball, 4)
Batting: RHB Nicholas Seal 0-0: Ball
1-0: Ball
2-0: Ball
3-0: Base on Balls
Batting: LHB Rodrigo Rodríguez 0-0: Swinging Strike
0-1: Ball
Wild Pitch!
Nicholas Seal to second
1-1: Foul Ball, location: 2F
1-2: Ball
2-2: Ball
3-2: Strikes out swinging
Bottom of the 4th over - 0 runs, 0 hits, 0 errors, 1 left on base; York 1 - Alameda 4
TOP OF THE 5TH
York Revolution batting - Pitching for Alameda Airmen : RHP Otto Joseph
Batting: RHB Guy Toussaint 0-0: Called Strike
0-1: Ball
1-1: Ball
2-1: Called Strike
2-2: Strikes out looking
Batting: RHB John Clark 0-0: Ball
1-0: Fly out, F7 (Flyball, 7)
Batting: RHB Carlo Manlulu 0-0: Called Strike
0-1: Foul Ball, location: 2F
0-2: Ball
1-2: Foul Ball, location: 2F
1-2: Ground out 6-3 (Groundball, 6S)
Top of the 5th over - 0 runs, 0 hits, 0 errors, 0 left on base; York 1 - Alameda 4
BOTTOM OF THE 5TH
Alameda Airmen batting - Pitching for York Revolution : RHP Rafael Bernal
Batting: RHB Mick Spargo 0-0: Ball
1-0: Ground out 5-3 (Groundball, 56)
Batting: LHB Ed Berry 0-0: Swinging Strike
0-1: Foul Ball, location: 2F
0-2: Ball
1-2: Ball
2-2: Ball
3-2: Fly out, F9 (Line Drive, 89M)
Batting: RHB Gérard Chesnutt 0-0: Ball
1-0: Ball
2-0: Ball
3-0: Called Strike
3-1: Fly out, F5 (Line Drive, 5)
Bottom of the 5th over - 0 runs, 0 hits, 0 errors, 0 left on base; York 1 - Alameda 4
TOP OF THE 6TH
York Revolution batting - Pitching for Alameda Airmen : RHP Otto Joseph
Batting: RHB Lawrence Stokes 0-0: SOLO HOME RUN (Flyball, 7D), Distance : 393 ft
Batting: RHB Tome Uso 0-0: Called Strike
0-1: Foul Ball, location: 2F
0-2: Strikes out looking
Batting: RHB Eikki Kankaanperä 0-0: Called Strike
0-1: Fly out, F5 (Popup, 5F)
Batting: LHB Jack MacOmish 0-0: Ball
1-0: Swinging Strike
1-1: Swinging Strike
1-2: Strikes out swinging
Top of the 6th over - 1 run, 1 hit, 0 errors, 0 left on base; York 2 - Alameda 4
BOTTOM OF THE 6TH
Alameda Airmen batting - Pitching for York Revolution : RHP Rafael Bernal
Batting: RHB Joaquín Lara 0-0: Ball
1-0: Foul Ball, location: 2F
1-1: Ball
2-1: Fly out, F7 (Flyball, 7D)
Batting: RHB Cristián Coronado 0-0: Foul Ball, location: 2F
0-1: Called Strike
0-2: Ball
1-2: Foul Ball, location: 2F
1-2: Ground out 5-3 (Groundball, 56)
Batting: LHB Jesús De Jesús 0-0: Ball
1-0: Swinging Strike
1-1: Ball
2-1: Foul Ball, location: 2F
2-2: SINGLE (Groundball, 4MD)
Batting: RHB Domingo Torres 0-0: Fly out, F9 (Flyball, 9D)
Bottom of the 6th over - 0 runs, 1 hit, 0 errors, 1 left on base; York 2 - Alameda 4
TOP OF THE 7TH
York Revolution batting - Pitching for Alameda Airmen : RHP Otto Joseph
Batting: RHB Cisco Feijoo 0-0: Ball
1-0: SOLO HOME RUN (Flyball, 7D), Distance : 393 ft
Batting: LHB Gong Mao 0-0: Ball
1-0: Called Strike
1-1: Swinging Strike
1-2: Strikes out swinging
Batting: RHB Guy Toussaint 0-0: Ball
1-0: Called Strike
1-1: Ball
2-1: Foul Ball, location: 2F
2-2: DOUBLE (Flyball, 9LD)
Pinch Hitting: LHB Joe Ellison 0-0: Foul Ball, location: 2F
0-1: Foul Ball, location: 2F
0-2: Strikes out looking
Pinch Hitting: RHB Pedro Flores 0-0: Called Strike
0-1: Foul Ball, location: 2F
0-2: Ball
1-2: Ball
2-2: Foul Ball, location: 2F
2-2: Strikes out swinging
Top of the 7th over - 1 run, 2 hits, 0 errors, 1 left on base; York 3 - Alameda 4
BOTTOM OF THE 7TH
Alameda Airmen batting - Pitching for York Revolution : RHP Rafael Bernal
Now at 1B: Joe Ellison
Now in RF: James Deines
Batting: RHB Nicholas Seal 0-0: Ball
1-0: Swinging Strike
1-1: Foul Ball, location: 2F
1-2: DOUBLE (Groundball, 3L)
Batting: LHB Rodrigo Rodríguez 0-0: Ball
1-0: Ball
2-0: Fly out, F9 (Flyball, 89S)
Batting: RHB Mick Spargo 0-0: Called Strike
0-1: Ball
1-1: Called Strike
1-2: Strikes out swinging
Pitching: LHP Elmo Ciccolella
Batting: LHB Ed Berry 0-0: Fly out, F7 (Line Drive, 7)
Bottom of the 7th over - 0 runs, 1 hit, 0 errors, 1 left on base; York 3 - Alameda 4
TOP OF THE 8TH
York Revolution batting - Pitching for Alameda Airmen : RHP Otto Joseph
Batting: RHB Lawrence Stokes 0-0: Called Strike
0-1: Fly out, F9 (Flyball, 9LM)
Pitching: RHP Héctor Navarro
Batting: RHB Tome Uso 0-0: Foul Ball, location: 2F
0-1: SINGLE (Flyball, 8RS)
Batting: RHB Eikki Kankaanperä 0-0: Ball
1-0: Bunted foul
1-1: Ball
2-1: Sac Bunt - play at first, batter OUT! U3
Tome Uso to second
Batting: LHB Jack MacOmish 0-0: Called Strike
0-1: Swinging Strike
0-2: Fly out, F9 (Line Drive, 9S)
Top of the 8th over - 0 runs, 1 hit, 0 errors, 1 left on base; York 3 - Alameda 4
BOTTOM OF THE 8TH
Alameda Airmen batting - Pitching for York Revolution : LHP Elmo Ciccolella
Batting: RHB Gérard Chesnutt 0-0: Swinging Strike
0-1: Ball
1-1: Ball
2-1: Swinging Strike
2-2: Strikes out swinging
Batting: RHB Joaquín Lara 0-0: Ball
1-0: Ball
2-0: SOLO HOME RUN (Flyball, 7D), Distance : 399 ft
Batting: RHB Cristián Coronado 0-0: Foul Ball, location: 2F
0-1: Ball
1-1: Ball
2-1: Called Strike
2-2: Strikes out swinging
Batting: LHB Jesús De Jesús 0-0: Ball
1-0: Ball
2-0: Ball
3-0: Foul Ball, location: 2F
3-1: Ground out 4-3 (Groundball, 4)
Bottom of the 8th over - 1 run, 1 hit, 0 errors, 0 left on base; York 3 - Alameda 5
TOP OF THE 9TH
York Revolution batting - Pitching for Alameda Airmen : RHP Héctor Navarro
Pitching: RHP Pedro Rodríguez
Batting: RHB Cisco Feijoo 0-0: Ball
1-0: Ball
2-0: Swinging Strike
2-1: Ball
3-1: Called Strike
3-2: Foul Ball, location: 2F
3-2: Fly out, F7 (Line Drive, 7)
Batting: LHB Gong Mao 0-0: Foul Ball, location: 2F
0-1: Ball
1-1: Ball
2-1: Ball
3-1: Base on Balls
Pinch Runner at 1st Andy Alderliesten:
Batting: RHB Guy Toussaint 0-0: Foul Ball, location: 2F
0-1: Swinging Strike
0-2: Foul Ball, location: 2F
0-2: Ball
1-2: Strikes out swinging
Batting: LHB Joe Ellison 0-0: Called Strike
0-1: Ball
1-1: Foul Ball, location: 2F
1-2: Fly out, F8 (Flyball, 8LD)
Top of the 9th over - 0 runs, 0 hits, 0 errors, 1 left on base; York 3 - Alameda 5
Sunday, March 18th, 2018 - OOTP Baseball 18.8 Build 76